 Dungeon Crawl Stone Soup version bcrawl-1.22 (webtiles) character file.

Game seed: 9562341781664184755

218 diana the Slasher (level 5, 0/41 HPs)
             Began as a Demonspawn Gladiator on May 10, 2020.
             Succumbed to Crazy Yiuf's poison
             ... on level 2 of the Dungeon.
             The game lasted 00:03:52 (3211 turns).

diana the Slasher (Demonspawn Gladiator)            Turns: 3211, Time: 00:03:53

Health: 0/41       AC:  6    Str: 16    XL:     5   Next: 63%
Magic:  5/5        EV: 12    Int:  9    God:
Gold:   350        SH:  1    Dex: 14    Spells: 4/4 levels left

rFire    + . .     SeeInvis .   n - +0 scimitar
rCold    + . .     Gourm    .   (no shield)
rNeg     . . .     Faith    .   j - +0 ring mail
rPois    +         Spirit   .   (helmet unavailable)
rElec    +         Reflect  .   (no cloak)
rCorr    +         Harm     .   (no gloves)
MR       .....                  m - +0 pair of boots
Stlth    +.........             (no amulet)
HPRegen  0.13/turn              (no ring)
MPRegen  0.09/turn              (no ring)

@: lethally poisoned (0 -> -15), resistant, drained
A: horns 3, demonic guardian 1
a: no special abilities


You were on level 2 of the Dungeon.
You were not hungry.

You visited 1 branch of the dungeon, and saw 3 of its levels.

You collected 350 gold pieces.

Inventory:

Hand Weapons
 a - a +0 long sword
 n - a +0 scimitar (weapon)
Missiles
 d - 3 throwing nets (quivered) {!f}
Armour
 b - a +0 leather armour
 c - a +0 helmet
 j - a +0 ring mail (worn)
 m - a +0 pair of boots (worn)
Jewellery
 v - an uncursed ring of fire {unknown}
Scrolls
 f - 3 scrolls of fog {unknown}
 g - a scroll of enchant armour {unknown}
 i - a scroll of noise {unknown}
 k - 2 scrolls of identify {unknown}
 l - 2 scrolls of enchant weapon {unknown}
 q - 3 scrolls of remove curse {unknown}
 s - 2 scrolls of teleportation {unknown}
 t - a scroll of amnesia {unknown}
Potions
 h - a potion of resistance
 o - a potion of brilliance {unknown}
 p - a potion of mutation {unknown}
 r - a potion of heal wounds {unknown}
 u - 2 potions of degeneration {unknown}
 w - a potion of flight {unknown}
Comestibles
 e - 5 rations {!d}
 x - 3 chunks of flesh


   Skills:
 * Level 3.4(2.8) Fighting
 + Level 3.7(3.0) Long Blades
 - Level 1.7(1.1) Throwing
 + Level 2.2(1.6) Armour
 - Level 3.6(3.0) Dodging


You had 4 spell levels left.
You didn't know any spells.
Your spell library was empty.

Dungeon Overview and Level Annotations

Branches:
Dungeon (3/12)

Altars:
Qazlal

Annotations:
D:2 Crazy Yiuf


Innate Abilities, Weirdness & Mutations

You have a pair of large horns on your head.
A weak demonic guardian rushes to your aid.


Message History

Crazy Yiuf is almost dead.
Crazy Yiuf closely misses you.
Throwing (i - inventory)
d - 4 throwing nets (quivered)
{!f}
Press: ? - help, Shift-Dir - straight line, f - Crazy Yiuf
Aim: Crazy Yiuf, wielding a +4 quarterstaff of chaos and wearing a +1 cloak of poison resistance (almost dead) Really fire
d - 4 throwing nets {!f}?
Throwing (i - inventory)
d - 4 throwing nets (quivered)
{!f}
Press: ? - help, Shift-Dir - straight line, f/p - Crazy Yiuf
Aim: Crazy Yiuf, wielding a +4 quarterstaff of chaos and wearing a +1 cloak of poison resistance (almost dead) Really fire
d - 4 throwing nets {!f}?
Uppercase [Y]es or [N]o only, please.
Really fire
d - 4 throwing nets {!f}?
You throw a throwing net {!f}.
The throwing net {!f} barely misses Crazy Yiuf.
Crazy Yiuf hits you with a +4 quarterstaff of chaos!
* * * LOW HITPOINT WARNING * * *
You are lethally poisoned!
It was a potion of resistance.
You feel protected.
You die...

.......#.##.#
###.##.#....#
..#..#.######
#.##+#.# #......#
##.....##♣♣♣♣♣
##.......P.♣.♣♣♣ ####
#.........P.♣..♣#...#
#........P.♣♣♣♣.@g.(#
#..)......♣♣ ♣♣#..)#
#......##♣♣ ####
#####.## #.# #.# #.#
##'##### #......#


You could see Crazy Yiuf.

Vanquished Creatures
  6 adders (D:3)
  An ooze (D:3)
  3 worms
  2 dart slugs
  2 leopard geckos
  5 orcs (D:3)
  2 giant cockroaches
  6 goblins
  4 hobgoblins
  7 jackals
  4 quokkas
  A ball python (D:2)
  6 bats
  4 frilled lizards
  8 kobolds
  3 rats
64 creatures vanquished.

Vanquished Creatures (collateral kills)
  2 crimson imps
  A centaur skeleton (D:3)
  A hobgoblin (D:3)
  A frilled lizard (D:3)
5 creatures vanquished.

Vanquished Creatures (others)
  A kobold (D:2)
1 creature vanquished.

Grand Total: 70 creatures vanquished

Notes
Turn   | Place    | Note
-------+----------+-------------------------------------------
     0 | D:1      | diana the Demonspawn Gladiator began the quest for the Orb.
     0 | D:1      | Reached XP level 1. HP: 16/16 MP: 1/1
   683 | D:1      | Gained mutation: A weak demonic guardian rushes to your
                  | aid. [demonic ancestry]
   683 | D:1      | Reached XP level 2. HP: 21/22 MP: 2/2
  1244 | D:2      | Noticed a crimson imp
  1246 | D:2      | Killed a crimson imp
  1246 | D:2      | Reached skill level 1 in Armour
  1246 | D:2      | Gained mutation: You have a pair of small horns on your
                  | head. [demonic ancestry]
  1246 | D:2      | Reached XP level 3. HP: 28/28 MP: 3/3
  1511 | D:2      | Gained mutation: You have a pair of horns on your head.
                  | [demonic ancestry]
  1511 | D:2      | Reached XP level 4. HP: 34/34 MP: 4/4
  1657 | D:2      | Found a stormy altar of Qazlal.
  1832 | D:2      | Found a runed door.
  2307 | D:3      | Gained mutation: You have a pair of large horns on your
                  | head. [demonic ancestry]
  2307 | D:3      | Reached XP level 5. HP: 36/41 MP: 5/5
  2598 | D:3      | Found a faded altar of an unknown god.
  3205 | D:2      | Noticed Crazy Yiuf
  3210 | D:2      | HP: 2/41 [Crazy Yiuf/+4 quarterstaff of chaos (8)]
  3211 | D:2      | Succumbed to Crazy Yiuf's poison

Skill      XL: |  1  2  3  4 |
---------------+-------------+-----
Long Blades    | 3 |  3.7
Armour         | 1 2 |  2.2
Dodging        | 3 |  3.6
Fighting       | 3 |  3.4
Throwing       | |  1.7

Action                   |  1- 3 |  4- 6 || total
-------------------------+-------+-------++-------
Melee: Long sword        |    53 |       ||    53
       Scimitar          |    27 |   116 ||   143
       Headbutt          |     6 |    18 ||    24
Throw: Throwing net      |       |     1 ||     1
  Use: Potion            |       |     1 ||     1
  Eat: Chunk             |     2 |     5 ||     7
Armor: Leather armour    |     3 |       ||     3
       Ring mail         |    21 |    57 ||    78
Dodge: Dodged            |    60 |    90 ||   150
Block: Other             |     2 |     4 ||     6
